 Dungeon Crawl Stone Soup version 0.29-a0-330-g52719c12eb (webtiles) character file.

Game seed: 13067615315036167123

2979 kae the Impaler (level 9, -3/93 HPs)
             Began as a Merfolk Gladiator on Apr 20, 2022.
             Was an Initiate of Ashenzari.
             Slain by a centaur
             ... wielding a +0 halberd
              (10 damage)
             ... in a bailey.
             The game lasted 00:06:44 (9069 turns).

kae the Impaler (Merfolk Gladiator)                 Turns: 9069, Time: 00:06:45

Health: -3/93      AC:  9    Str: 19    XL:     9   Next: 82%
Magic:  9/9        EV: 12    Int:  7    God:    Ashenzari [......]
Gold:   420        SH:  0    Dex: 15    Spells: 8/8 levels left

rFire   + . .      SeeInvis .   a - +0 trident
rCold   . . .      Faith    .   (no shield)
rNeg    + . .      Spirit   .   z - +0 swamp dragon scales
rPois   +          Reflect  .   s - +0 helmet
rElec   +          Harm     .   (no cloak)
rCorr   .          Rampage  .   (no gloves)
Will    +....                   h - +0 pair of boots "Muith" {rElec rN+ Stlth+}
Stlth   ..........              t - amulet of the acrobat
HPRegen 0.25/turn               j - ring of Ashenzari's Stickiness {rF+, Range, Self} (curse)
MPRegen 0.11/turn               y - ring of Riczas {Wiz Will+ Stlth+}

@: berserking, very quick
A: (nimble swimmer 2), mertail
a: Renounce Religion, Curse Item, Shatter the Chains


You were in a bailey.
You worshipped Ashenzari.
Ashenzari was noncommittal.
You visited 2 branches of the dungeon, and saw 8 of its levels.
You also visited: Bailey.

You collected 420 gold pieces.

Inventory:

Hand Weapons
 a - a +0 trident (weapon)
 f - a +2 vorpal scythe
Missiles
 d - 2 throwing nets (quivered)
 e - 4 javelins
Armour
 b - a +0 leather armour
 g - a +3 leather armour of poison resistance
 h - the +0 pair of boots "Muith" (worn) {rElec rN+ Stlth+}
   (You acquired it on level 5 of the Dungeon)

   rElec:     It insulates you from electricity.
   rN:        It protects you from negative energy.
   Stlth:     It makes you more stealthy.
 l - a +0 ring mail of poison resistance
 s - a +0 helmet (worn)
 z - +0 swamp dragon scales (worn)
Jewellery
 j - the cursed ring of Ashenzari's Stickiness (left hand) {rF+, Range, Self}
   (You found it on level 2 of the Dungeon)

   [ring of protection from fire]

   rF:        It protects you from fire.
   It has a curse which improves the following skills: Ranged Combat: Slings,
   Bows, Crossbows and Throwing.
   Introspection: Fighting and Spellcasting.
 t - an amulet of the acrobat (around neck)
 u - a +6 ring of intelligence
 x - a ring of willpower
 y - the ring of Riczas (right hand) {Wiz Will+ Stlth+}
   (You found it on level 6 of the Dungeon)

   [ring of wizardry]

   It improves your spell success rate.
   Will:      It increases your willpower.
   Stlth:     It makes you more stealthy.
Wands
 w - a wand of flame (15)
Scrolls
 c - a scroll of blinking
 k - 5 scrolls of teleportation
 r - a scroll of amnesia
 v - a scroll of identify
Potions
 i - 2 potions of berserk rage
 m - a potion of degeneration
 n - 2 potions of invisibility
 o - a potion of flight
 p - 2 potions of mutation
 q - a potion of attraction


   Skills:
 - Level 2.1(2.5) Fighting
 + Level 17.2 Polearms
 - Level 2.0(2.3) Throwing
 - Level 4.0 Dodging


You had 8 spell levels left.
You didn't know any spells.
Your spell library contained the following spells:

 Spells                   Type           Power      Damage    Failure   Level
 Static Discharge         Conj/Air       0%         N/A       43%         2
 Dazzling Flash           Conj/Hex       0%         N/A       65%         3
 Portal Projectile        Hex/Tloc       0%         N/A       65%         3
 Dispel Undead            Necr           0%         3d6       95%         4
 Iskenderun's Mystic Bla  Conj/Tloc      0%         2d3       95%         4
 Sticky Flame             Conj/Fire      0%         2d3       95%         4
 Blade Hands              Tmut           0%         N/A       100%        5
 Excruciating Wounds      Necr           0%         N/A       100%        5
 Lightning Bolt           Conj/Air       0%         1d11      100%        5
 Starburst                Conj/Fire      0%         6d3       100%        6
 Maxwell's Capacitive Co  Air            0%         ∞         100%        8


Dungeon Overview and Level Annotations

Branches:
Dungeon (7/15)             Temple (1/1) D:5          Bailey (1/1)

Altars:
Ashenzari
Dithmenos
Elyvilon
Hepliaklqana
Kikubaaqudgha
Makhleb
Nemelex Xobeh
Okawaru
Ru
Sif Muna
Trog
Uskayaw
Vehumet
Xom
Yredelemnul
Zin
The Shining One
Lugonu

Portals:
Abyss: D:7


Innate Abilities, Weirdness & Mutations

((You are very nimble when in or above water. (Stealth+, EV+, Speed+++)))
Your lower body shifts to a powerful aquatic tail in water.


Message History

The orc warrior is heavily wounded.
The orc warrior hits you from afar with a +0 halberd!
The centaur barely misses you.
You are too injured to fight recklessly!
You are too injured to fight recklessly!
You are too injured to fight recklessly!
Okay, then.
A red film seems to cover your vision as you go berserk!
You feel yourself moving faster!
You feel mighty!
The centaur throws a javelin.
The javelin pierces through you.
The orc warrior hits you from afar with a +0 halberd!!
* * * LOW HITPOINT WARNING * * *
Unknown command.
Reach: a) +0 trident
Press: ? - help, Dir - move target, f/p - orc warrior
Aim: an orc warrior, wielding a +0 halberd and wearing a +0 scale mail (heavily wounded, about 39% to evade your +0 trident)
You reach to attack!
You hit the orc warrior.
The orc warrior is heavily wounded.
The centaur barely misses you.
Reach: a) +0 trident
Press: ? - help, Dir - move target, f/p - orc warrior
Aim: an orc warrior, wielding a +0 halberd and wearing a +0 scale mail (heavily wounded, about 39% to evade your +0 trident)
You reach to attack!
You closely miss the orc warrior.
The orc warrior is heavily wounded.
The orc warrior hits you from afar with a +0 halberd!
* * * LOW HITPOINT WARNING * * *
The centaur hits you from afar with a +0 halberd!
* * * LOW HITPOINT WARNING * * *
Reach: a) +0 trident
Press: ? - help, Dir - move target, f/p - orc warrior
Aim: an orc warrior, wielding a +0 halberd and wearing a +0 scale mail (heavily wounded, about 39% to evade your +0 trident)
You reach to attack!
You hit the orc warrior.
The orc warrior is severely wounded.
Reach: a) +0 trident
Press: ? - help, Dir - move target, f/p - orc warrior
Aim: an orc warrior, wielding a +0 halberd and wearing a +0 scale mail (severely wounded, about 39% to evade your +0 trident)
You reach to attack!
You puncture the orc warrior!
You kill the orc warrior!
The centaur hits you from afar with a +0 halberd!
You die...

≈.≈.≈≈.≈≈.≈.≈≈.#
.≈≈.≈...≈.≈≈.≈.#..≈#
.≈.≈≈...≈≈.≈.≈.#..≈#
.≈.≈.⌠∩⌠.≈.≈.≈.#..≈#
.≈.≈..∩..≈.≈.≈.#..≈#
.≈.≈.⌠∩⌠.≈.≈.≈.#..≈#
)≈.≈≈...≈≈.≈.≈.#)c≈#
.≈≈)≈...≈)≈≈.≈.#..≈#
≈.≈)≈≈≈≈≈.≈.≈≈.#@.≈#
≈.≈≈.)...≈≈.≈.##..≈#
≈≈.≈≈≈.≈≈≈.≈≈.#⌠..≈#
.≈≈..≈.≈..≈≈..#...≈#
⌠.≈≈≈...≈≈≈.⌠.#...≈#
....≈≈≈≈≈....##...≈#
####.....#####)...≈#
..⌠#######⌠..)....##
......).)...)....##


You could see a centaur.

Vanquished Creatures
  Maggie (D:6)
  Sigmund (D:3)
  Eustachio (D:6)
  A steam dragon (D:6)
  Edmund (D:5)
  2 water moccasins (D:6)
  3 orc warriors (Bailey)
  2 ice beasts (D:6)
  2 ogres
  A black bear (D:5)
  2 centaurs
  2 bullfrogs (D:6)
  A necrophage (D:5)
  3 scorpions
  A jelly (D:6)
  2 howler monkeys
  5 hounds
  3 orc priests (D:5)
  3 iguanas (D:4)
  2 orc wizards
  Terence (D:2)
  9 adders
  2 worms
  3 dart slugs
  34 orcs
  10 endoplasms
  5 giant cockroaches
  12 goblins
  6 hobgoblins
  4 jackals
  15 kobolds
  6 quokkas
  7 ball pythons
  8 bats
  4 frilled lizards (D:1)
  4 rats
  A lurking horror (D:7)
170 creatures vanquished.

Vanquished Creatures (others)
  An adder (D:6)
  A lurking horror (D:7)
  2 plants (D:6)
4 creatures vanquished.

Grand Total: 174 creatures vanquished

Notes
Turn   | Place    | Note
-------+----------+-------------------------------------------
     0 | D:1      | kae the Merfolk Gladiator began the quest for the Orb.
     0 | D:1      | Reached XP level 1. HP: 16/16 MP: 1/1
   151 | D:1      | Reached XP level 2. HP: 22/22 MP: 2/2
   387 | D:1      | Reached skill level 5 in Polearms
   521 | D:1      | Reached XP level 3. HP: 24/27 MP: 3/3
  1060 | D:2      | Noticed Terence
  1073 | D:2      | Killed Terence
  1074 | D:2      | Reached skill level 6 in Polearms
  1077 | D:2      | Reached XP level 4. HP: 22/33 MP: 4/4
  2418 | D:3      | Reached skill level 7 in Polearms
  2614 | D:3      | Reached XP level 5. HP: 38/38 MP: 5/5
  2628 | D:3      | Noticed Sigmund
  2638 | D:3      | Killed Sigmund
  2639 | D:3      | Reached skill level 9 in Polearms
  2639 | D:3      | Reached XP level 6. HP: 35/44 MP: 6/6
  3490 | D:4      | Found a bloodstained altar of Trog.
  3491 | D:4      | Found a hide-covered altar of Uskayaw.
  3491 | D:4      | Found a sacrificial altar of Ru.
  3505 | D:4      | Reached skill level 10 in Polearms
  3505 | D:4      | Reached XP level 7. HP: 36/50 MP: 7/7
  3850 | D:4      | Found a glowing golden altar of the Shining One.
  3850 | D:4      | Found a glowing silver altar of Zin.
  3851 | D:4      | Found a white marble altar of Elyvilon.
  4254 | D:4      | Noticed a wyvern
  4760 | D:5      | Entered Level 5 of the Dungeon
  4761 | D:5      | Identified a scroll of acquirement
  4761 | D:5      | Acquired the +0 pair of boots "Muith" {rElec rN+ Stlth+}
  4781 | D:5      | Found a staircase to the Ecumenical Temple.
  4793 | D:5      | Reached skill level 11 in Polearms
  5261 | Temple   | Entered the Ecumenical Temple
  5305 | Temple   | Became a worshipper of Ashenzari the Shackled
  5493 | D:5      | Reached skill level 12 in Polearms
  5493 | D:5      | Reached XP level 8. HP: 41/56 MP: 8/8
  5681 | D:5      | Noticed Edmund
  5717 | D:5      | Killed Edmund
  6018 | D:5      | Reached skill level 13 in Polearms
  6366 | D:6      | Reached skill level 14 in Polearms
  6369 | D:6      | Found an ancient bone altar of Kikubaaqudgha.
  6551 | D:6      | Found an iron altar of Okawaru.
  6576 | D:6      | HP: 1/57 [ice beast (7)]
  6903 | D:6      | Reached XP level 9. HP: 35/62 MP: 9/9
  7086 | D:6      | Reached skill level 15 in Polearms
  7427 | D:6      | Identified the ring of Riczas {Wiz Will+ Stlth+}
  7570 | D:6      | Noticed Maggie
  7600 | D:6      | Killed Maggie
  7601 | D:6      | Reached skill level 16 in Polearms
  8010 | D:6      | Noticed Eustachio
  8022 | D:6      | Killed Eustachio
  8344 | D:7      | Found a corrupted altar of Lugonu.
  8367 | D:7      | Found a one-way gate to the infinite horrors of the Abyss.
  8390 | D:7      | Found a flagged portal.
  8537 | Bailey   | Entered a bailey
  8810 | Bailey   | Reached skill level 17 in Polearms
  9069 | Bailey   | Slain by a centaur

Illustrated notes

Levels and vault maps discovered:
D:1:      saegor_arrival_simple_d, layout_loops_ring, minmay_vboxes
D:2:      layout_basic, minmay_misc_feat_more_columns,
          minmay_misc_feat_ornament, minmay_diced_spiral, uniq_terence
D:3:      layout_rooms, uniq_sigmund
D:4:      layout_basic, good_gods_temple_1,
          chequers_temple_overflow_statue_of_worship, nzn_random_ring
D:5:      layout_loops_ring, minmay_temple_entry_mini_moons, uniq_edmund
D:6:      layout_basic, kennysheep_okawaru_gauntlet,
          mainiacjoe_overflow_chevrons, uniq_maggie, uniq_eustachio
D:7:      layout_layer_cave, mainiacjoe_overflow_small_starburst,
          lemuel_tele_altar, pdpol_wu_jian_five_deadly_venoms, enter_bailey_5,
          amcnicky_altar_lugonu_corruption, uniq_crazy_yiuf_cottage
Temple:   corrupted_temple
Bailey:   bailey_polearm_flooded_kennysheep, bailey

Skill      XL: |  1  2  3  4  5  6  7  8  9 |
---------------+----------------------------+-----
Polearms       | 5 6 7 9 10 12 14 17 | 17.2
Fighting       | |  2.1
Throwing       | |  2.0
Dodging        | |  4.0

Action                   |  1- 3 |  4- 6 |  7- 9 || total
-------------------------+-------+-------+-------++-------
Melee: Trident           |   130 |   183 |   486 ||   799
       Punch             |     3 |     2 |     5 ||    10
       Tailslap          |       |       |     6 ||     6
Throw: Throwing net      |       |     1 |       ||     1
Invok: Curse Item        |       |       |     1 ||     1
Evoke: Wand              |       |       |     1 ||     1
  Use: Scroll            |     2 |       |    15 ||    17
       Potion            |       |     1 |     6 ||     7
 Stab: Sleeping          |     2 |     2 |     3 ||     7
       Held in net/web   |       |     1 |       ||     1
       Distracted        |       |       |     1 ||     1
Armor: Leather armour    |    33 |     4 |       ||    37
       Ring mail         |       |    38 |    87 ||   125
       Swamp dragon scal |       |       |    20 ||    20
Dodge: Dodged            |    93 |    63 |   193 ||   349

Table legend: (Time is in decaauts)
 A = Elapsed time spent in this place.
 B = Non-inter-level travel time spent in this place.
 C = Inter-level travel time spent in this place.
 D = Time resting spent in this place.
 E = Time spent auto-exploring this place.
 F = Levels seen in this place.
 G = Mean time per level.
                   A        B        C        D        E       F      G
               +--------+--------+--------+--------+--------+-----+--------+
         Total |   8858 |   8677 |    181 |   1446 |   5885 |   9 |  984.2 |
       Dungeon |   8310 |   8153 |    157 |   1315 |   5652 |   7 | 1187.1 |
        Temple |     58 |     34 |     24 |      0 |     26 |   1 |   58.0 |
        Bailey |    490 |    490 |      0 |    130 |    206 |   1 |  490.0 |
               +--------+--------+--------+--------+--------+-----+--------+

Top non-repeatable levels by time:
     D:4: 1992 daAuts
     D:6: 1649 daAuts
     D:5: 1606 daAuts
     D:2: 1236 daAuts
     D:1: 1025 daAuts
     D:3: 596 daAuts
  Bailey: 490 daAuts
     D:7: 203 daAuts
  Temple: 58 daAuts
